 Dungeon Crawl Stone Soup version 0.31-a0-175-g9f7f995f2b (webtiles) character file.

Game seed: 8740117746423282446

144 qw the Shooter (level 5, -4/32 HPs)
             Began as a Gargoyle Hunter on June 17, 2023.
             Slain by a gnoll
             ... wielding a +0 halberd
              (7 damage)
             ... on level 3 of the Dungeon.
             The game lasted 00:00:51 (2037 turns).

qw the Shooter (Gargoyle Hunter)                    Turns: 2037, Time: 00:00:52

Health: -4/32      AC:  9    Str: 14    XL:     5   Next: 27%
Magic:  5/5        EV: 11    Int: 10    God:
Gold:   25         SH:  0    Dex: 15    Spells: 4/4 levels left

rFire   + . .        Y - +3 shortbow
rCold   . . .        (shield currently unavailable)
rNeg    + . .        d - +0 ring mail
rPois   inf          (no helmet)
rElec   +            (no cloak)
rCorr   .            (no gloves)
SInv    .            (no boots)
Will    .....        (no amulet)
Stlth   +            c - ring of protection from fire
HPRegen 0.25/turn    (no ring)
MPRegen 0.09/turn

%: no passive effects
@: no status effects
A: sickness immunity, AC +4, negative energy resistance 1, electricity
resistance, torment resistance 1, petrification resistance
a: no special abilities


You were on level 3 of the Dungeon.
You visited 1 branch of the dungeon, and saw 3 of its levels.

You collected 79 gold pieces.
You spent 54 gold pieces at shops.


Innate Abilities, Weirdness & Mutations

You are immune to sickness and miasma.
Your stone body is resilient. (AC +4)
You are immune to poison.
You resist negative energy. (rN+)
You are resistant to electric shocks. (rElec)
You are resistant to unholy torment.
You are immune to petrification.


   Skills:
 - Level 3.4 Fighting
 + Level 5.3 Ranged Weapons
 - Level 2.2 Armour
 - Level 1.5 Dodging
 - Level 1.1 Stealth


You had 4 spell levels left.
You didn't know any spells.
Your spell library was empty.

Inventory:

Hand Weapons
 Y - a +3 shortbow (weapon)
Armour
 a - a +0 pair of gloves
 d - a +0 ring mail (worn)
Jewellery
 b - a ring of willpower
 c - a ring of protection from fire (left hand)
 h - a +5 ring of evasion
Scrolls
 f - 2 scrolls of identify
Potions
 e - a potion of enlightenment
 g - 2 potions of might

Dungeon Overview and Level Annotations

Branches:
Dungeon (3/15)

Altars:

Shops:
D:3 [


Message History

The gnoll hits you but does no damage. x2
You shoot an arrow. The arrow hits the gnoll.
The gnoll is severely wounded.
The gnoll hits you but does no damage.
The gnoll hits you from afar with a +0 spear.
You shoot an arrow. The arrow hits the gnoll.
The gnoll is severely wounded.
The gnoll misses you. The gnoll barely misses you.
The gnoll hits you from afar with a +0 spear. x2
You shoot an arrow. The arrow hits the gnoll!
You kill the gnoll!
The gnoll completely misses you.
You shoot an arrow. The arrow hits the gnoll.
The gnoll is lightly wounded.
The quokka bites you but does no damage.
The gnoll hits you from afar with a +0 spear.
You shoot an arrow. The arrow misses the quokka.
The arrow closely misses the gnoll.
The quokka bites you but does no damage.
The gnoll hits you from afar with a +0 halberd.
The gnoll hits you from afar with a +0 spear.
The quokka bites you but does no damage.
You shoot an arrow. The arrow barely misses the quokka.
The arrow hits the gnoll.
The gnoll is moderately wounded.
The gnoll misses you.
The gnoll hits you from afar with a +0 spear.
The quokka barely misses you. The gnoll closely misses you.
The gnoll barely misses you.
You shoot an arrow. The arrow hits the quokka.
The quokka is lightly wounded.
The quokka bites you but does no damage.
The gnoll closely misses you.
The gnoll hits you from afar with a +0 halberd!
The quokka closely misses you.
You shoot an arrow. The arrow closely misses the quokka.
The arrow hits the gnoll.
The gnoll is heavily wounded.
The gnoll hits you from afar with a +0 halberd!
You die...

. . ... #. . ... .## .## .
#.# .. .. . #.# #. #.# .#
#.##.# # #.##..#.g..
..#..####.###.#..gg......
#................r########+
.....####....$#.@#........#
####...........(.#.'####+.
..##.<#######.#..#.#....#
#.#.#.## .. #..#.#.##.#
#..###.# #.# ###.#.#.##.#
#.[....# # #...#.#....#
####.).###.###.#.#.'####+.
#................#........#
#.####.###.#####.'########+


You could see 2 gnolls and a quokka.

Vanquished Creatures
  An orc priest (D:2)
  Jessica (D:2)
  An adder (D:2)
  2 gnolls (D:3)
  2 dart slugs
  3 orcs
  2 endoplasms
  2 giant cockroaches
  7 goblins
  5 hobgoblins
  5 kobolds
  2 quokkas
  5 ball pythons
  6 bats
  4 frilled lizards
  6 rats
54 creatures vanquished.

Notes
Turn   | Place    | Note
-------+----------+-------------------------------------------
     0 | D:1      | qw the Gargoyle Hunter began the quest for the Orb.
     0 | D:1      | Reached XP level 1. HP: 12/12 MP: 1/1
     0 | D:1      | 0 ||| qw: Version: 0.3-a-2-g5ab2908
     0 | D:1      | 0 ||| qw: Game counter: 153
     0 | D:1      | 0 ||| qw: Always use a shield: true
     0 | D:1      | 0 ||| qw: God list: Okawaru
     0 | D:1      | 0 ||| qw: Allow faded altars: false
     0 | D:1      | 0 ||| qw: Do Orc after D:15 true
     0 | D:1      | 0 ||| qw: Do second Lair branch before Depths: true
     0 | D:1      | 0 ||| qw: Lair rune preference: random
     0 | D:1      | 0 ||| qw: Plans: Normal, Zot:1-4, Slime:5, God:TSO, Crypt,
                  | Tomb, Abyss, Pan, Hells, Win
     0 | D:1      | 0 ||| PLANNING D:1-11
    88 | D:1      | Reached XP level 2. HP: 6/17 MP: 2/2
   322 | D:1      | Found a faded altar of an unknown god.
   360 | D:1      | Reached XP level 3. HP: 21/21 MP: 3/3
   454 | D:1      | Reached skill level 5 in Ranged Weapons
   715 | D:1      | 715 ||| UPGRADING to +0 ring mail.
   725 | D:1      | 725 ||| DROPPING +0 leather armour.
   726 | D:1      | 726 ||| READING 4 scrolls labelled EKLARU RONGUPH.
   727 | D:1      | 727 ||| READING 3 scrolls labelled WAPEGUASOTS.
   728 | D:1      | 728 ||| READING scroll labelled AZIABA FUMUEQORPH.
   733 | D:1      | 733 ||| READING scroll labelled QELANOJ MUBB.
   734 | D:1      | 734 ||| READING 2 scrolls of identify.
   734 | D:1      | 734 ||| IDENTIFYING cyan potion
   735 | D:1      | 735 ||| DROPPING 3 scrolls of fear.
   736 | D:1      | 736 ||| DROPPING scroll of butterflies.
   808 | D:2      | Found the +10 tower shield of Ignorance {rN+ Int-4}
   953 | D:2      | 953 ||| FLEEEEING.
   954 | D:2      | 954 ||| FLEEEEING.
   955 | D:2      | 955 ||| FLEEEEING.
   956 | D:2      | 956 ||| FLEEEEING.
   966 | D:2      | 966 ||| FLEEEEING.
   967 | D:2      | 967 ||| FLEEEEING.
   968 | D:2      | 968 ||| FLEEEEING.
   969 | D:2      | 969 ||| FLEEEEING.
   970 | D:2      | 970 ||| FLEEEEING.
   971 | D:2      | 971 ||| FLEEEEING.
   976 | D:2      | 976 ||| FLEEEEING.
   977 | D:2      | 977 ||| FLEEEEING.
   978 | D:2      | 978 ||| FLEEEEING.
   979 | D:2      | 979 ||| FLEEEEING.
   980 | D:2      | 980 ||| FLEEEEING.
   981 | D:2      | 981 ||| FLEEEEING.
   986 | D:2      | 986 ||| FLEEEEING.
   987 | D:2      | 987 ||| FLEEEEING.
   988 | D:2      | 988 ||| FLEEEEING.
   989 | D:2      | 989 ||| FLEEEEING.
   990 | D:2      | 990 ||| FLEEEEING.
   991 | D:2      | 991 ||| FLEEEEING.
   992 | D:2      | 992 ||| FLEEEEING.
   993 | D:2      | 993 ||| FLEEEEING.
   994 | D:2      | 994 ||| FLEEEEING.
   995 | D:2      | 995 ||| FLEEEEING.
   996 | D:2      | 996 ||| FLEEEEING.
   997 | D:2      | 997 ||| FLEEEEING.
   998 | D:2      | 998 ||| FLEEEEING.
   999 | D:2      | 999 ||| FLEEEEING.
  1000 | D:2      | 1000 ||| FLEEEEING.
  1005 | D:2      | 1005 ||| FLEEEEING.
  1006 | D:2      | 1006 ||| FLEEEEING.
  1007 | D:2      | 1007 ||| FLEEEEING.
  1008 | D:2      | 1008 ||| FLEEEEING.
  1014 | D:2      | Reached XP level 4. HP: 26/27 MP: 4/4
  1705 | D:2      | Noticed Jessica
  1708 | D:2      | Killed Jessica
  1709 | D:2      | Reached skill level 3 in Fighting
  1720 | D:2      | Reached XP level 5. HP: 32/32 MP: 5/5
  1793 | D:2      | 1793 ||| UPGRADING to ring of protection from fire.
  1794 | D:2      | 1794 ||| READING 3 scrolls labelled RABRAN JONERRONNU.
  1795 | D:2      | 1795 ||| READING 2 scrolls of enchant weapon.
  1795 | D:2      | 1795 ||| ENCHANTING +1 shortbow.
  1796 | D:2      | 1796 ||| READING scroll of enchant weapon.
  1796 | D:2      | 1796 ||| ENCHANTING +2 shortbow.
  1797 | D:2      | 1797 ||| READING scroll labelled SETEKHI TYEJO.
  1798 | D:2      | 1798 ||| READING 4 scrolls of identify.
  1798 | D:2      | 1798 ||| IDENTIFYING glowing silvery potion
  1799 | D:2      | 1799 ||| READING 3 scrolls of identify.
  1799 | D:2      | 1799 ||| IDENTIFYING lumpy white potion
  1800 | D:2      | 1800 ||| DROPPING potion of degeneration.
  1937 | D:3      | Found Leomn's Armour Shop.
  1945 | D:3      | 1945 ||| BUYING +0 pair of gloves (54 gold).
  1945 | D:3      | Bought a +0 pair of gloves for 54 gold pieces
  1945 | D:3      | 1945 ||| SHOPLISTING +3 leather armour of willpower (288
                  | gold, have 25).
  2021 | D:3      | 2021 ||| Stepping ~*~*~tactically~*~*~ (outnumbered).
  2036 | D:3      | HP: 3/32 [gnoll/+0 halberd (11)]
  2037 | D:3      | Slain by a gnoll

Levels and vault maps discovered:
D:1:      psy_arrival_radial02, layout_rooms,
          hellmonk_ecumenical_altar_lost_god, st_stairs_2
D:2:      layout_basic, uniq_jessica
D:3:      layout_loops_ring, grunt_gozag_statues, serial_shops, shop,
          kennysheep_path_1, minivault_11, minmay_statues_item, moated_statue,
          grunt_ministairs_1, minivault_19, nicolae_underground_beach

Skill      XL: |  1  2  3  4 |
---------------+-------------+-----
Ranged Weapons | 5 |  5.3
Armour         | 2 |  2.2
Fighting       | 3 |  3.4
Dodging        | |  1.5
Stealth        | |  1.1

Action                     |  1- 3 |  4- 6 || total
---------------------------+-------+-------++-------
   Fire: Shortbow          |    93 |    71 ||   164
    Use: Scroll            |     5 |     6 ||    11
 Armour: Leather armour    |    32 |       ||    32
         Ring mail         |     2 |    12 ||    14
  Dodge: Dodged            |    38 |    23 ||    61

Table legend:
 A = Non-vault XP
 B = Vault XP
 C = Vault XP percentage of total XP
 D = Non-vault monster count
 E = Vault monster count
 F = Vault count percentage of total count
                 A         B        C        D         E       F
            +---------+---------+-------+---------+---------+-------
      Total |     162 |      45 |  21.7 |      49 |       5 |   9.3
            +---------+---------+-------+---------+---------+-------
        D:1 |      41 |       4 |   8.9 |      26 |       2 |   7.1
        D:2 |      87 |      37 |  29.8 |      18 |       1 |   5.3
        D:3 |      34 |       4 |  10.5 |       5 |       2 |  28.6
            +---------+---------+-------+---------+---------+-------
